 Dungeon Crawl Stone Soup version 0.30.0-29-ga12c61a403 (webtiles) character file.

Game seed: 11532615572073760509

4802 GimliDwarf the Basher (level 10, -3/76 HPs)
             Began as a Gnoll Wanderer on June 14, 2023.
             Was an Initiate of Yredelemnul.
             Slain by a blink frog (12 damage)
             ... on level 1 of the Lair of Beasts.
             The game lasted 00:25:20 (7097 turns).

GimliDwarf the Basher (Gnoll Wanderer)              Turns: 7097, Time: 00:25:20

Health: -3/76      AC:  8    Str: 19    XL:     10   Next: 48%
Magic:  18/18      EV: 17    Int: 13    God:    Yredelemnul [......]
Gold:   380        SH:  0    Dex: 10    Spells: 5/20 levels left

rFire   . . .        n - +1 flail "Yguts" {flame, rPois Str+3}
rCold   . . .        (no shield)
rNeg    + . .        S - +0 robe {rN+}
rPois   +            t - +0 helmet
rElec   .            e - +1 cloak of Starlight {*Dazzle EV+4 Stlth--}
rCorr   .            N - +0 pair of gloves
SInv    .            q - +0 pair of boots
Will    .....        A - amulet of regeneration
Stlth   +            m - ring of flight
HPRegen 1.12/turn    (no ring)
MPRegen 0.16/turn

%: no passive effects
@: flying
A: fangs 1, strong nose, distributed training
a: Renounce Religion, Recall Undead Harvest


You were on level 1 of the Lair of Beasts.
You worshipped Yredelemnul.
Yredelemnul was noncommittal.
You visited 3 branches of the dungeon, and saw 11 of its levels.

You collected 534 gold pieces.
You spent 154 gold pieces at shops.

Inventory:

Hand Weapons
 a - a +3 mace
 n - the +1 flail "Yguts" (weapon) {flame, rPois Str+3}
   (You found it on level 2 of the Dungeon)

   Str:       It affects your strength (+3).
   rPois:     It protects you from poison.
 R - a +2 battleaxe
Missiles
 p - a boomerang of dispersal (quivered)
 F - an atropa-tipped dart
 G - 3 throwing nets
 J - 12 poisoned darts
Armour
 c - a +0 scale mail
 e - the +1 cloak of Starlight (worn) {*Dazzle EV+4 Stlth--}
   (You acquired it on level 3 of the Dungeon)

   *Dazzle:   It may blind those who miss an attack against the wearer in melee
   combat.
   EV:        It affects your evasion (+4).
   Stlth:     It makes you much less stealthy.
 q - a +0 pair of boots (worn)
 t - a +0 helmet (worn)
 N - a +0 pair of gloves (worn)
 S - a +0 robe of positive energy (worn)
Magical Staves
 D - a staff of poison
Jewellery
 g - an amulet of reflection
 m - a ring of flight (left hand)
 r - a ring of ice
 A - an amulet of regeneration (around neck)
Wands
 v - a wand of charming (9)
Scrolls
 b - a scroll of enchant armour {unknown}
 d - 4 scrolls of teleportation
 k - 2 scrolls of silence
 y - a scroll of amnesia
 E - a scroll of blinking
 H - 4 scrolls of fog
 I - a scroll of magic mapping
 O - a scroll of poison
Potions
 f - 4 potions of might
 h - 4 potions of brilliance
 i - 2 potions of invisibility
 j - a potion of flight
 l - a potion of berserk rage {unknown}
 o - a potion of resistance {unknown}
 s - 3 potions of lignification
 u - 6 potions of curing
 w - 3 potions of ambrosia
 x - a potion of attraction {unknown}
 z - a potion of degeneration {unknown}
 B - 2 potions of magic
 C - a potion of cancellation
 L - a potion of haste {unknown}
 M - a potion of heal wounds {unknown}
 T - a potion of mutation {unknown}


   Skills:
 + Level 6.1 Fighting
 + Level 6.1 Short Blades
 + Level 5.5 Long Blades
 + Level 5.5 Axes
 + Level 10.2 Maces & Flails
 + Level 5.5 Polearms
 + Level 5.5 Staves
 + Level 5.5 Ranged Weapons
 + Level 5.5 Throwing
 + Level 7.2 Armour
 + Level 5.5 Dodging
 + Level 6.1 Stealth
 + Level 5.5 Shields
 + Level 5.5 Unarmed Combat
 + Level 5.5 Spellcasting
 + Level 4.5 Conjurations
 + Level 4.5 Hexes
 + Level 4.5 Summonings
 + Level 4.5 Necromancy
 + Level 4.5 Translocations
 + Level 4.5 Transmutations
 + Level 4.5 Fire Magic
 + Level 4.5 Ice Magic
 + Level 4.5 Air Magic
 + Level 4.5 Earth Magic
 + Level 4.5 Poison Magic
 + Level 6.6 Invocations
 + Level 5.5 Evocations


You had 5 spell levels left.
You knew the following spells:

 Your Spells              Type           Power      Damage    Failure   Level
a - Anguish               Hex/Necr       7%         N/A       26%         4
b - Hailstorm             Conj/Ice       15%        3d5       9%          3
c - Ice Form              Ice/Tmut       15%        N/A       26%         4
d - Summon Ice Beast      Ice/Summ       15%        N/A       26%         4

Your spell library contained the following spells:

 Spells                   Type           Power      Damage    Failure   Level
 Foxfire                  Conj/Fire      60%        2x1d7     2%          1
 Sting                    Tmut/Pois      60%        1d6       2%          1
 Ensorcelled Hibernation  Hex/Ice        30%        N/A       4%          2
 Spider Form              Tmut/Pois      15%        N/A       9%          3
 Blade Hands              Tmut           7%         N/A       58%         5
 Fireball                 Conj/Fire      7%         3d5       58%         5
 Plasma Beam              Fire/Air       7%         2x1d20    99%         6
 Starburst                Conj/Fire      7%         6d4       99%         6
 Simulacrum               Ice/Necr       Unusable   N/A       N/A         6

Dungeon Overview and Level Annotations

Branches:
Dungeon (9/15)             Temple (1/1) D:6            Lair (1/5) D:8
    Orc: D:9-12

Altars:
Ashenzari
Cheibriados
Dithmenos
Elyvilon
Fedhas
Gozag
Kikubaaqudgha
Makhleb
Nemelex Xobeh
Qazlal
Sif Muna
Uskayaw
Vehumet
Wu Jian
Xom
Yredelemnul
Zin
The Shining One

Shops:
D:4 !   D:6 (

Annotations:
D:7 1 runed translucent door, viagra's ghost, novice MiFi
D:9 Gastronok


Innate Abilities, Weirdness & Mutations

You have very sharp teeth.
Your uncanny sense of smell can sniff out nearby items.
Your experience applies equally to all skills.


Message History

The blink frog is lightly wounded.
The blink frog hits you. The blink frog hits you!
The blink frog blinks!
You are too injured to fight recklessly!
The blink frog hits you!
* * * LOW HITPOINT WARNING * * *
The blink frog blinks! x2; The blink frog barely misses you.
You sock the blink frog! You burn the blink frog.
The blink frog is heavily wounded.
The blink frog hits you.
* * * LOW HITPOINT WARNING * * *
You sock the blink frog! You burn the blink frog.
Your punch misses the blink frog. You bite the blink frog.
The blink frog is almost dead.
The blink frog misses you. The blink frog barely misses you.
The blink frog blinks!
The blink frog closely misses you.
The blink frog blinks!
You closely miss the blink frog.
The blink frog blinks!
The blink frog closely misses you.
You sock the blink frog! You burn the blink frog.
The blink frog is heavily wounded.
The blink frog barely misses you.
You hit the blink frog. You burn the blink frog.
The blink frog is severely wounded.
The blink frog is no longer blind.
The blink frog misses you.
The blink frog's sight is seared by the starlight!
The blink frog hits you but does no damage.
You thump the blink frog! You burn the blink frog.
You kill the blink frog!
The dead are hopping!
The blink frog hits your blink frog zombie.
The blink frog blinks!
The blink frog hits your blink frog zombie!!
The blink frog blinks! x2
The blink frog hits you.
* * * LOW HITPOINT WARNING * * *
The blink frog blinks!
The blink frog hits you!
* * * LOW HITPOINT WARNING * * *
You closely miss the blink frog. The blink frog hits you!
You die...
Your body rises from the dead as a mindless zombie.

### ### #####.##
#.####......#
#...........###
#.........F.#.#...
#..................
#..###..Z...###....
###..##§...F.###....
###......#..@.......
####.#..§...##.........
............##.........
.....................$.
.............F.........
...............#.#.....
..................#....
.................#...#.
..................


You could see 3 blink frogs and a friendly blink frog zombie.

Vanquished Creatures
  2 komodo dragons
  Grinder (D:6)
  A blink frog (Lair:1)
  A wyvern (D:8)
  3 yaks (D:8)
  A wraith (D:8)
  2 steam dragons
  The ghost of hgbash the Digger, an amateur GrEE of Wu Jian (D:4)
  An acid dragon (D:6)
  2 water moccasins
  2 ice beasts
  3 ogres
  4 scorpions
  5 bullfrogs
  A gnoll sergeant (D:9)
  3 wights (D:8)
  5 killer bees (D:9)
  A howler monkey (D:5)
  A bullfrog zombie (D:4)
  A hound (D:5)
  2 orc priests
  2 iguanas (D:7)
  Terence (D:3)
  2 sleepcaps
  Natasha (D:2)
  7 orc wizards
  A hound zombie (D:4)
  2 gnolls (D:9)
  6 adders
  2 white imps
  An ufetubus (D:5)
  An adder skeleton (D:4)
  2 adder zombies (D:4)
  A worm (D:5)
  2 dart slugs
  25 orcs
  5 endoplasms
  2 giant cockroaches
  8 goblins
  8 hobgoblins
  A kobold (D:3)
  A quokka (D:4)
  6 ball pythons
  6 bats
  A frilled lizard (D:2)
  5 rats
142 creatures vanquished.

Vanquished Creatures (collateral kills)
  Edmund (D:6)
  A phantom (D:5)
  A wight (D:9)
  A hound (D:6)
  A jelly (D:6)
  An iguana (D:7)
  An orc wizard (D:5)
  A gnoll (D:9)
  An adder (D:6)
  An adder zombie (D:4)
  A worm (D:4)
  6 orcs
  3 training dummies (D:6)
  A rat (D:4)
  A butterfly (D:6)
22 creatures vanquished.

Vanquished Creatures (others)
  A bullfrog zombie (D:8)
  2 killer bee zombies (D:9)
  2 adder zombies (D:4)
  A spectral white imp (D:8)
  A gnoll zombie (D:9)
  A ball python zombie (D:4)
  2 endoplasm zombies (D:4)
  A hobgoblin zombie (D:4)
  11 orc zombies
  A quokka zombie (D:4)
23 creatures vanquished.

Grand Total: 187 creatures vanquished

Notes
Turn   | Place    | Note
-------+----------+-------------------------------------------
     0 | D:1      | GimliDwarf the Gnoll Wanderer began the quest for the Orb.
     0 | D:1      | GimliDwarf set off with the following items: a +2 mace, a
                  | +0 short sword, a +0 scale mail, a scroll of teleportation.
     0 | D:1      | Reached XP level 1. HP: 17/17 MP: 2/2
   220 | D:1      | Reached XP level 2. HP: 23/23 MP: 3/3
   824 | D:2      | Reached XP level 3. HP: 24/28 MP: 4/4
  1002 | D:2      | Identified the +1 flail "Yguts" {flame, rPois Str+3}
  1094 | D:2      | Found a basalt altar of Yredelemnul.
  1334 | D:2      | Reached skill level 1 in Long Blades
  1334 | D:2      | Reached skill level 1 in Axes
  1334 | D:2      | Reached skill level 1 in Polearms
  1334 | D:2      | Reached skill level 1 in Staves
  1334 | D:2      | Reached skill level 1 in Ranged Weapons
  1334 | D:2      | Reached skill level 1 in Throwing
  1334 | D:2      | Reached skill level 1 in Dodging
  1334 | D:2      | Reached skill level 1 in Shields
  1334 | D:2      | Reached skill level 1 in Unarmed Combat
  1334 | D:2      | Reached skill level 1 in Spellcasting
  1334 | D:2      | Reached skill level 1 in Evocations
  1763 | D:3      | Noticed Natasha
  1768 | D:2      | Killed Natasha
  1769 | D:2      | Reached skill level 1 in Conjurations
  1769 | D:2      | Reached skill level 1 in Hexes
  1769 | D:2      | Reached skill level 1 in Summonings
  1769 | D:2      | Reached skill level 1 in Necromancy
  1769 | D:2      | Reached skill level 1 in Translocations
  1769 | D:2      | Reached skill level 1 in Transmutations
  1769 | D:2      | Reached skill level 1 in Fire Magic
  1769 | D:2      | Reached skill level 1 in Ice Magic
  1769 | D:2      | Reached skill level 1 in Air Magic
  1769 | D:2      | Reached skill level 1 in Earth Magic
  1769 | D:2      | Reached skill level 1 in Poison Magic
  1769 | D:2      | Reached XP level 4. HP: 26/34 MP: 6/6
  1820 | D:2      | Became a worshipper of Yredelemnul the Dark
  2141 | D:3      | Noticed Terence
  2152 | D:3      | Killed Terence
  2153 | D:3      | Reached XP level 5. HP: 38/40 MP: 7/7
  2275 | D:3      | Reached * piety under Yredelemnul
  2534 | D:3      | Identified a scroll of acquirement
  2534 | D:3      | Acquired the +1 cloak of Starlight {*Dazzle EV+4 Stlth--}
  2534 | D:3      | Found the +1 cloak of Starlight {*Dazzle EV+4 Stlth--}
  2673 | D:4      | Reached XP level 6. HP: 47/47 MP: 8/8
  2704 | D:4      | Reached skill level 5 in Armour
  2731 | D:4      | Found a transporter.
  2731 | D:4      | Found Addareru's Distillery.
  2735 | D:4      | Found a transporter.
  2840 | D:4      | Bought a potion of invisibility for 112 gold pieces
  2840 | D:4      | Bought a potion of flight for 42 gold pieces
  2985 | D:4      | Found a runed translucent door.
  2986 | D:4      | Noticed hgbash's ghost (amateur GrEE)
  3014 | D:4      | Found a glowing golden altar of the Shining One.
  3075 | D:4      | Found a runed translucent door.
  3129 | D:4      | Reached ** piety under Yredelemnul
  3174 | D:4      | Found a glowing silver altar of Zin.
  3300 | D:4      | Learned a level 4 spell: Anguish
  3579 | D:4      | Killed hgbash's ghost
  3580 | D:4      | Reached XP level 7. HP: 52/52 MP: 10/10
  3615 | D:5      | Entered Level 5 of the Dungeon
  3634 | D:5      | Reached skill level 9 in Maces & Flails
  3717 | D:5      | Reached XP level 8. HP: 60/60 MP: 12/12
  4215 | D:6      | Noticed Grinder
  4228 | D:6      | Killed Grinder
  4252 | D:6      | Reached skill level 5 in Invocations
  4258 | D:6      | Found a blossoming altar of Fedhas.
  4359 | D:6      | Found Xeoboru's Firing Range.
  4408 | D:6      | Found a staircase to the Ecumenical Temple.
  4445 | D:6      | Reached XP level 9. HP: 66/66 MP: 14/14
  4467 | D:6      | Noticed Edmund
  4485 | D:6      | Killed Edmund
  4535 | D:6      | Reached skill level 5 in Fighting
  4535 | D:6      | Reached skill level 5 in Short Blades
  4733 | Temple   | Entered the Ecumenical Temple
  4934 | D:7      | Got the Almanac of Brumal Shapeshifting
  5027 | D:7      | Reached skill level 5 in Stealth
  5083 | D:7      | Found a runed translucent door.
  5083 | D:7      | Found a shimmering altar of Xom.
  5083 | D:7      | Noticed a +1 long sword of chaos
  5083 | D:7      | Noticed viagra's ghost (novice MiFi)
  5205 | D:7      | Identified the amulet "Orchas" {Faith Str+3}
  5781 | D:8      | Found a stormy altar of Qazlal.
  5800 | D:8      | Found a radiant altar of Vehumet.
  5927 | D:8      | Found a staircase to the Lair.
  5928 | D:8      | Noticed a komodo dragon
  5946 | D:8      | Killed a komodo dragon
  6259 | D:8      | Reached skill level 5 in Long Blades
  6259 | D:8      | Reached skill level 5 in Axes
  6259 | D:8      | Reached skill level 5 in Polearms
  6259 | D:8      | Reached skill level 5 in Staves
  6259 | D:8      | Reached skill level 5 in Ranged Weapons
  6259 | D:8      | Reached skill level 5 in Throwing
  6259 | D:8      | Reached skill level 5 in Dodging
  6259 | D:8      | Reached skill level 5 in Shields
  6259 | D:8      | Reached skill level 5 in Unarmed Combat
  6259 | D:8      | Reached skill level 5 in Spellcasting
  6259 | D:8      | Reached skill level 5 in Evocations
  6259 | D:8      | Reached XP level 10. HP: 76/76 MP: 17/17
  6266 | D:8      | Reached skill level 10 in Maces & Flails
  6617 | D:8      | Learned a level 3 spell: Hailstorm
  6622 | D:8      | Learned a level 4 spell: Ice Form
  6627 | D:8      | Learned a level 4 spell: Summon Ice Beast
  6869 | D:9      | Noticed Gastronok
  6909 | Lair:1   | Entered Level 1 of the Lair of Beasts
  7097 | Lair:1   | Slain by a blink frog

Illustrated notes

Levels and vault maps discovered:
D:1:      ncdulo_lavacross, layout_loops_corners, dreamdust_princess_corridor,
          serial_park_tiny_2, minivault_26
D:2:      layout_basic, basic_altar, minmay_misc_feat_plants
D:3:      layout_loops_ring, corexii_item_surrounded_by_moat,
          minmay_misc_feat_more_columns, uniq_natasha, uniq_terence
D:4:      layout_loops_corners, pf_just_have_faith, kennysheep_little_box,
          serial_shops, nicolae_shop_drivethru, ebering_ghost_sewer_f,
          serial_undead, serial_undead_e, serial_undead_d, serial_undead_e,
          serial_undead_b, minmay_misc_feat_tiny
D:5:      layout_cave_pools, amcnicky_mini_pool_medium
D:6:      layout_basic, nicolae_overflow_crystal_walls,
          minmay_temple_entry_butterflies, nicolae_shop_firing_range,
          uniq_edmund, uniq_grinder
D:7:      layout_cave_pods, ebering_ghost_xom
D:8:      layout_cave_pods, mainiacjoe_overflow_large_starburst,
          david_lair_shrubbed, grunt_decor_one_mirror, wad_floor_pattern_1
D:9:      layout_basic, kennysheep_mini, uniq_gastronok
Temple:   nicolae_temple_bog_church
Lair:1:   layout_gridlike, minivault_19

Skill      XL: |  1  2  3  4  5  6  7  8  9 10 |
---------------+-------------------------------+-----
Long Blades    | 1 2 3 5 |  5.5
Axes           | 1 2 3 5 |  5.5
Polearms       | 1 2 3 5 |  5.5
Staves         | 1 2 3 5 |  5.5
Ranged Weapons | 1 2 3 5 |  5.5
Throwing       | 1 2 3 5 |  5.5
Dodging        | 1 2 3 5 |  5.5
Shields        | 1 2 3 5 |  5.5
Unarmed Combat | 1 2 3 5 |  5.5
Spellcasting   | 1 2 3 5 |  5.5
Evocations     | 1 2 3 5 |  5.5
Conjurations   | 1 2 3 4 |  4.5
Hexes          | 1 2 3 4 |  4.5
Summonings     | 1 2 3 4 |  4.5
Necromancy     | 1 2 3 4 |  4.5
Translocations | 1 2 3 4 |  4.5
Transmutations | 1 2 3 4 |  4.5
Fire Magic     | 1 2 3 4 |  4.5
Ice Magic      | 1 2 3 4 |  4.5
Air Magic      | 1 2 3 4 |  4.5
Earth Magic    | 1 2 3 4 |  4.5
Poison Magic   | 1 2 3 4 |  4.5
Invocations    | 3 4 5 6 |  6.6
Fighting       | 3 4 5 6 |  6.1
Short Blades   | 3 4 5 6 |  6.1
Stealth        | 3 4 5 6 |  6.1
Armour         | 5 6 7 |  7.2
Maces & Flails | 9 10 | 10.2

Action                     |  1- 3 |  4- 6 |  7- 9 | 10-12 || total
---------------------------+-------+-------+-------+-------++-------
  Melee: Mace              |    46 |       |       |       ||    46
         Bite              |     8 |    10 |    28 |    15 ||    61
         Flail             |    38 |   112 |   251 |   106 ||   507
         Punch             |     1 |     4 |     8 |     1 ||    14
 Invoke: Recall Undead Har |       |       |     1 |       ||     1
    Use: Scroll            |       |    14 |     1 |     4 ||    19
   Stab: Invisible         |       |     4 |     9 |     6 ||    19
         Distracted        |       |     1 |     1 |       ||     2
 Armour: Scale mail        |    36 |    31 |    78 |     6 ||   151
         Robe              |       |       |       |    12 ||    12
  Dodge: Dodged            |    40 |    87 |   176 |   103 ||   406
  Block: Other             |     8 |     4 |       |       ||    12
